 Dungeon Crawl Stone Soup version 0.18-a0-1203-gbde16db (webtiles) character file.

226518 4thArraOfDagon the Bludgeoner (level 18, -6/173 HPs)
             Began as an Ogre Artificer on Jan 31, 2016.
             Was the Champion of Makhleb.
             Mangled by a death ooze (15 damage)
             ... created by the Royal Jelly
             ... on level 6 of the Pits of Slime on Feb 1, 2016.
             The game lasted 02:27:08 (19622 turns).

4thArraOfDagon the Bludgeoner (Ogre Artificer)     Turns: 19622, Time: 02:27:08

Health: -6/173     AC: 12    Str: 31    XL:     18   Next: 89%
Magic:  21/25      EV:  9    Int: 20    God:    Makhleb [******]
Gold:   1263       SH:  0    Dex: 15    Spells: 11 memorised, 3 levels left

rFire  + . .     SeeInvis .     u - +4 giant club "Ceap" {flame, rElec rN+}
rCold  + + +     Gourm    +     c - +0 ice dragon armour
rNeg   + . .     Faith    .     (shield currently unavailable)
rPois  +         Spirit   .     (helmet restricted)
rElec  +         Dismiss  .     e - +1 cloak
rCorr  +         Reflect  .     (gloves unavailable)
SustAt .         Harm     .     (boots unavailable)
MR     +....     Rnd*Rage +     D - amulet of the gourmand
Stlth  +.........               H - ring of wizardry
                                m - +3 ring of intelligence

@: mighty, brilliant, agile, resistant, corroded equipment, very slightly
contaminated, regenerating, hasted, studying Stealth, very quick, somewhat
resistant to hostile enchantments, very unstealthy
A: unfitting armour, hooves 1, berserk 1, fire resistance 1, frail 1, low mp 2,
sense surroundings 1, poison resistance, screaming 1, shaggy fur 1, electricity
resistance, tough skin 1, wild magic 2
a: Minor Destruction, Lesser Servant of Makhleb, Major Destruction, Greater
Servant of Makhleb, Renounce Religion
}: 2/15 runes: serpentine, barnacled


You were on level 6 of the Pits of Slime.
You worshipped Makhleb.
Makhleb was exalted by your worship.
You were full.

You visited 8 branches of the dungeon, and saw 41 of its levels.
You also visited: Labyrinth, Ice Cave and Volcano.

You collected 2755 gold pieces.
You spent 1492 gold pieces at shops.

Inventory:

Hand Weapons
 a - the +9 war axe of Galenotz {drain, rPois Int+4}
   (You found it in an ice cave)

   A truly terrible weapon, it drains the life of those it strikes.
   It affects your intelligence (+4).
   It protects you from poison.
 q - the +8 mithril axe "Arga" {speed, MR+ Str+2}
   (You found it on level 6 of the Lair of Beasts)

   Attacks with this weapon are significantly faster.
   It affects your strength (+2).
   It affects your resistance to hostile enchantments.
 u - the +4 giant club "Ceap" (weapon) {flame, rElec rN+}
   (You acquired it on level 2 of the Lair of Beasts)

   It has been specially enchanted to burn those struck by it, causing extra
   injury to most foes and up to half again as much damage against particularly
   susceptible opponents.
   It insulates you from electricity.
   It protects you from negative energy.
 P - a +0 blowgun
Missiles
 d - 8 tomahawks of dispersal
 J - 13 javelins of penetration
 R - 3 throwing nets (quivered)
 U - 15 large rocks
Armour
 c - a +0 ice dragon armour (worn)
 e - a +1 cloak (worn)
Rods
 Q - a +0 rod of ignition (10/10)
   (You found it on level 3 of the Lair of Beasts)
Jewellery
 m - a +3 ring of intelligence (left hand)
 D - an amulet of the gourmand (around neck)
 F - an uncursed ring of positive energy
 H - a ring of wizardry (right hand)
 M - an uncursed ring of positive energy
 O - an uncursed ring of see invisible
 X - the ring of Relain {rC+ Str+2}
   (You found it on level 10 of the Dungeon)

   [ring of strength]

   It affects your strength (+2).
   It protects you from cold.
Wands
 g - a wand of disintegration (15/24)
 r - a wand of draining (0/15)
 S - a wand of teleportation (7/9)
Scrolls
 b - 4 scrolls of summoning
 h - 9 scrolls of enchant armour
 i - 2 scrolls of brand weapon
 j - 2 scrolls of teleportation
 p - a scroll of identify
 s - 2 scrolls of fog
 t - 2 scrolls of silence
 C - 2 scrolls of immolation
 K - 2 scrolls of torment
 T - 17 scrolls of remove curse
 Y - 2 scrolls of magic mapping
Potions
 k - 2 potions of magic
 n - 2 potions of resistance
 v - 2 potions of brilliance
 x - a potion of haste
 z - a potion of curing
 E - 2 potions of invisibility
 G - 5 potions of lignification
 L - 4 potions of agility
 N - a potion of might
 Z - a potion of flight
Books
 A - a book of Enchantments

   Spells                             Type                      Level
   a - Cause Fear                     Hexes                        4
   b - Yara's Violent Unravelling     Hexes/Transmutation          5
   c - Silence                        Hexes/Air                    5
   d - Deflect Missiles               Charms/Air                   6
   e - Haste                          Charms                       6
   f - Discord                        Hexes                        8
 V - a manual of Stealth
Miscellaneous
 o - a piece from Xom's chessboard
 I - a phial of floods (inert)
Comestibles
 f - 15 bread rations
 l - 14 royal jellies
 w - 12 meat rations


   Skills:
 + Level 15.3 Fighting
   Level 0.5 Short Blades
 * Level 14.2(15.9) Axes
 - Level 19.8(23.3) Maces & Flails
 - Level 7.1 Armour
 - Level 1.7 Dodging
 - Level 0.7 Stealth
 - Level 10.2 Spellcasting
 - Level 1.0 Hexes
 - Level 7.4 Charms
 - Level 7.7 Necromancy
 - Level 7.4 Invocations
 - Level 2.4 Evocations


You had 3 spell levels left.
You knew the following spells:

 Your Spells              Type           Power        Failure   Level  Hunger
a - Regeneration          Chrm/Necr      #######...   1%          3    None
b - Spectral Weapon       Hex/Chrm       ######..     4%          3    None
c - Song of Slaying       Chrm           #######.     1%          2    None
d - Apportation           Tloc           #####.....   5%          1    None
e - Sublimation of Blood  Necr           #######...   1%          2    None
f - Animate Skeleton      Necr           N/A          1%          1    None
g - Blink                 Tloc           N/A          7%          2    None
h - Passage of Golubria   Tloc           N/A          45%         4    ##.....
i - Swiftness             Chrm/Air       ######..     3%          2    None
j - Haste                 Chrm           #######.     34%         6    ######.
k - Controlled Blink      Tloc           N/A          100%        8    #######


Dungeon Overview and Level Annotations

Branches:
Dungeon (15/15)            Temple (1/1) D:5            Lair (8/8) D:9
 Shoals (4/4) Lair:6        Snake (4/4) Lair:4        Slime (6/6) Lair:7
    Orc (2/2) D:12            Elf (1/3) Orc:2
 Vaults: D:13-14     Depths: D:15

Altars:
Cheibriados
Fedhas
Gozag
Kikubaaqudgha
Makhleb
Nemelex Xobeh
Okawaru
Pakellas
Qazlal
The Shining One
Beogh

Shops:
D:5 !   D:12 (   Orc:2 !??[   Shoals:2 ?   Snake:4 *


Innate Abilities, Weirdness & Mutations

You are too large for most types of armour.
You have tough skin (AC +1).
You have large cloven feet.
You tend to lose your temper in combat.
Your flesh is heat resistant.
You are frail (-10% HP).
Your magical capacity is very low (-20% MP).
You passively map a small area around you.
Your system is resistant to poisons.
You occasionally shout uncontrollably at your foes.
You are covered in fur (AC +1).
You are resistant to electric shocks.
Your spells are harder to cast, but more powerful.


Message History

Unknown command.
Unknown command.
You hit the death ooze. You burn the death ooze. You kick the death ooze!
The death ooze is almost destroyed.
An acid blob comes into view.
Unknown command.
Unknown command.
Unknown command.
Unknown command.
The acid blob spits acid at you. The splash of acid hits you! You resist.
* * * LOW HITPOINT WARNING * * *
The acid burns!
You resist.
* * * LOW HITPOINT WARNING * * *
There is a stone staircase leading up, spattered with blood here.
Unknown command.
Unknown command.
Unknown command.
The death ooze hits you!
You die...

|#!?####............... *
#[|$?##..................
$\φ)(###.................
#)|)###..................**
(((##........J........... *
#.........J...........
*.....................#*
.............J.......#
......J......@........
,................###...,*
...J.........### ** ,
,..........### ........##
.......* * ...... , , ....
,


You could see 2 acid blobs and 2 death oozes.

Vanquished Creatures
  Vashnia (Snake:4)
  An Ice Fiend (IceCv)
  Rupert (Lair:6)
  A kraken (Shoals:4)
  9 acid blobs
  8 greater nagas
  Wiglaf (Snake:3)
  An azure jelly (Slime:6)
  Donald (Snake:1)
  Aizul (Snake:4)
  A stone giant (Orc:1)
  A minotaur (Lab)
  2 death oozes (Slime:6)
  5 merfolk impalers
  A great orb of eyes (Slime:2)
  6 hydras
  15 naga warriors
  A catoblepas (Lair:6)
  2 ogre magi (Orc:2)
  2 alligator snapping turtles
  8 anacondas
  A satyr (Shoals:3)
  A merfolk aquamancer (Shoals:4)
  7 shock serpents
  Urug (Lair:1)
  19 naga sharpshooters
  5 salamander mystics
  2 deep trolls (Orc:2)
  4 sea snakes
  3 unseen horrors
  9 naga ritualists
  2 lindwurms
  7 hill giants
  16 mana vipers
  2 orc knights (Orc:2)
  2 wolf spiders (Lair:8)
  A faun (Shoals:3)
  2 ugly things (D:11)
  4 shining eyes
  10 salamanders
  5 griffons
  5 water nymphs
  3 cyclopes
  3 manticores
  2 hornets (Lair:8)
  4 sirens
  6 guardian serpents
  4 ice statues (IceCv)
  32 black mambas
  18 elephants
  14 naga magi
  A gargoyle (D:8)
  12 spiny frogs
  6 komodo dragons
  8 ice devils (IceCv)
  An anaconda simulacrum (IceCv)
  A fire drake (Volcano)
  9 trolls
  A queen bee (Lair:5)
  13 merfolk
  4 wind drakes
  11 blink frogs
  2 snapping turtles
  7 two-headed ogres
  36 slime creatures
  A minotaur skeleton (Lab)
  A redback (Lair:8)
  A dire elephant simulacrum (IceCv)
  Eustachio (D:4)
  Sigmund (D:5)
  A shadow (D:12)
  A wyvern (Lair:8)
  5 water elementals
  A wraith (D:10)
  8 fire bats (Volcano)
  30 yaks
  7 basilisks
  13 hippogriffs
  2 hungry ghosts
  14 wolves
  A mottled dragon (Volcano)
  47 nagas
  2 soldier ants
  4 wargs
  3 harpy simulacra (IceCv)
  2 iron troll simulacra (IceCv)
  2 hydra simulacra (IceCv)
  26 water moccasins
  7 porcupines
  4 sky beasts
  An ettin simulacrum (IceCv)
  7 eyes of draining
  16 orc warriors
  An ice beast (D:7)
  11 wasps
  A necrophage (D:8)
  2 black bears
  2 phantoms
  21 ogres
  5 centaurs
  12 crocodiles
  3 big kobolds
  17 giant frogs
  A gnoll sergeant (D:10)
  A water moccasin skeleton (D:8)
  A wyvern skeleton (D:14)
  4 scorpions
  22 killer bees
  7 crimson imps
  4 giant frog zombies
  A quasit (D:8)
  7 jellies
  15 orc priests
  5 hounds
  A centaur skeleton (D:11)
  15 orc wizards
  3 giant frog skeletons
  4 iguanas
  4 hell rats (Lair:6)
  10 worker ants
  33 sheep
  A killer bee zombie (D:5)
  A hound zombie (D:11)
  6 gnolls (D:10)
  23 river rats
  23 adders
  A shadow imp (D:8)
  12 white imps (Shoals:1)
  2 adder zombies
  A worm (D:6)
  2 adder skeletons
  5 giant geckos
  49 orcs
  A giant cockroach (D:6)
  3 goblins (D:2)
  A hobgoblin (D:2)
  18 kobolds
  2 quokkas
  A ball python (Snake:2)
  2 bats
  A giant cockroach zombie (D:5)
  2 giant newts (D:2)
  A jackal zombie (D:8)
  A quokka skeleton (D:5)
  2 rats
  A bush (Lair:7)
  3 fungi (Lair:8)
  A plant (Lair:8)
  3 tentacles (Shoals:4)
966 creatures vanquished.

Vanquished Creatures (collateral kills)
  the Royal Jelly (Slime:6)
  An acid blob (Slime:4)
  An orc sorcerer (Orc:2)
  A troll (Orc:2)
  2 two-headed ogres (Orc:2)
  4 slime creatures (Slime:4)
  2 yaks (D:10)
  2 orc warriors (Orc:2)
  4 ogres (Orc:2)
  3 river rats (Lair:1)
  11 orcs
32 creatures vanquished.

Vanquished Creatures (others)
  A yak (D:10)
  A naga (Snake:3)
  An ogre (D:8)
  An adder (D:8)
  A shadow imp (D:5)
  2 orcs (D:5)
  2 giant cockroaches (D:5)
  A giant newt (D:5)
  15 fungi (Lair:8)
  12 plants
  9 spectral weapons
  17 tentacles
  297 tentacle segments
360 creatures vanquished.

Grand Total: 1358 creatures vanquished

Notes
Turn   | Place    | Note
--------------------------------------------------------------
     0 | D:1      | 4thArraOfDagon the Ogre Artificer began the quest for the Orb.
     0 | D:1      | Reached XP level 1. HP: 19/19 MP: 2/2
    77 | D:2      | Reached XP level 2. HP: 22/29 MP: 3/3
   107 | D:2      | Reached skill level 3 in Fighting
   107 | D:2      | Reached skill level 1 in Maces & Flails
   203 | D:2      | 4thArraOfDagon: its really great
   203 | D:2      | 4thArraOfDagon: oh wait
   203 | D:2      | 4thArraOfDagon: its Dark Side of Innocence already
   271 | D:2      | Reached XP level 3. HP: 31/37 MP: 4/4
   479 | D:4      | Noticed a slave
   544 | D:4      | Reached XP level 4. HP: 45/45 MP: 5/5
   548 | D:4      | Reached skill level 4 in Maces & Flails
   552 | D:4      | Reached skill level 5 in Maces & Flails
   552 | D:4      | Reached XP level 5. HP: 34/53 MP: 6/6
   656 | D:4      | Noticed Eustachio
   676 | D:4      | Killed Eustachio
   676 | D:4      | Reached skill level 7 in Maces & Flails
   676 | D:4      | Reached XP level 6. HP: 40/61 MP: 7/7
   758 | D:5      | Entered Level 5 of the Dungeon
   812 | D:7      | Noticed an ice beast
   924 | D:6      | Reached skill level 8 in Maces & Flails
   955 | D:7      | Noticed a hill giant
   956 | D:7      | rly
  1024 | D:5      | Found a staircase to the Ecumenical Temple.
  1028 | Temple   | Entered the Ecumenical Temple
  1036 | Temple   | fuck
  1043 | Temple   | Became a worshipper of Makhleb the Destroyer
  1060 | D:6      | :(
  1085 | D:6      | Got an ichor-stained plate armour
  1086 | D:6      | :(
  1472 | D:7      | Killed a hill giant
  1472 | D:7      | Reached skill level 10 in Maces & Flails
  1472 | D:7      | Reached XP level 7. HP: 57/67 MP: 8/8
  1486 | D:7      | :(
  1506 | D:7      | Reached XP level 8. HP: 61/75 MP: 9/9
  1524 | D:7      | BLOAX: gscs suck compared to giant clubs
  1547 | D:8      | Reached skill level 11 in Maces & Flails
  1577 | D:8      | Reached skill level 12 in Maces & Flails
  1604 | D:8      | Noticed a gargoyle
  1609 | D:8      | BLOAX: lol
  1633 | D:8      | Found an oddly glowing altar of Pakellas.
  1826 | D:5      | BLOAX: if you wanna speedrun ogres it's either uncle chei or uncle trog
  1826 | D:5      | Reached * piety under Makhleb
  1841 | D:5      | Noticed Sigmund
  1846 | D:5      | Gained mutation: Your flesh is heat resistant. [potion of mutation]
  1846 | D:5      | Gained mutation: You are frail (-10% HP). [potion of mutation]
  1846 | D:5      | Gained mutation: You have large cloven feet. [potion of mutation]
  1862 | D:5      | Killed Sigmund
  1900 | D:5      | BLOAX: because otherwise they're too fragile
  1911 | D:5      | emiel: just retry until you find a D:1 GDA
  1911 | D:5      | emiel: ez
  1911 | D:5      | 4thArraOfDagon: ya
  1911 | D:5      | 4thArraOfDagon: i wanted to take gozahg
  1911 | D:5      | 4thArraOfDagon: but he charged 200gp wtf
  1939 | D:5      | Reached skill level 13 in Maces & Flails
  2022 | D:5      | Found Maxt's Distillery.
  2025 | D:5      | Bought a potion of berserk rage for 70 gold pieces
  2027 | D:5      | BLOAX: if you want to play gozag then you should do it with a race that isn't heavily restricted in equipment slots
  2066 | D:6      | BLOAX: the more restrictions there are, the worse he is
  2091 | D:7      | BLOAX: and he's already not too great
  2122 | D:7      | Reached XP level 9. HP: 63/72 MP: 10/10
  2343 | D:8      | Found an iron altar of Okawaru.
  2572 | D:9      | Reached skill level 14 in Maces & Flails
  2868 | D:9      | Found a staircase to the Lair.
  2994 | D:10     | Entered Level 10 of the Dungeon
  2994 | D:10     | Noticed a two-headed ogre
  3064 | D:10     | Killed a two-headed ogre
  3079 | D:10     | Reached skill level 15 in Maces & Flails
  3200 | D:11     | Reached ** piety under Makhleb
  3240 | D:11     | Reached skill level 5 in Fighting
  3247 | D:11     | Reached skill level 1 in Armour
  3334 | D:11     | Killed an unseen horror
  3334 | D:11     | Reached XP level 10. HP: 55/88 MP: 11/11
  3368 | D:11     | Gained mutation: Your magical capacity is low (-10% MP). [mutagenic meat]
  3369 | D:11     | Gained mutation: Your spells are a little harder to cast, but a little more powerful. [mutagenic meat]
  3405 | D:11     | Noticed a green ugly thing
  3504 | D:11     | Noticed a cyan ugly thing
  3522 | D:11     | Killed a cyan ugly thing
  3522 | D:11     | Reached skill level 16 in Maces & Flails
  3552 | D:12     | Found Noamasm's Weapon Boutique.
  3561 | D:12     | Noticed a hill giant
  3562 | D:12     | Bought a +0 great mace of protection for 137 gold pieces
  3755 | D:11     | Gained mutation: You passively map a small area around you. [potion of mutation]
  3755 | D:11     | Gained mutation: Your magical capacity is very low (-20% MP). [potion of mutation]
  3800 | D:10     | BLOAX: https://www.youtube.com/watch?v=sJgv-qBBT3Y
  3933 | D:10     | Reached *** piety under Makhleb
  4076 | D:10     | Found an oddly glowing altar of Pakellas.
  4123 | D:10     | Noticed a hill giant
  4154 | D:10     | Killed a hill giant
  4204 | D:10     | Got a scorched marble ring
  4206 | D:10     | Identified the ring of Relain {rC+ Str+2} (You found it on level 10 of the Dungeon)
  4294 | D:11     | Learned a level 3 spell: Regeneration
  4298 | D:11     | Learned a level 3 spell: Spectral Weapon
  4301 | D:11     | Learned a level 2 spell: Song of Slaying
  4395 | D:12     | Reached skill level 17 in Maces & Flails
  4511 | D:12     | Learned a level 1 spell: Apportation
  4744 | D:13     | Reached skill level 1 in Charms
  4744 | D:13     | Reached skill level 1 in Necromancy
  4744 | D:13     | Reached XP level 11. HP: 98/98 MP: 10/10
  4771 | D:13     | Reached skill level 1 in Spellcasting
  4792 | D:12     | Noticed a hill giant
  4792 | D:12     | Noticed a hill giant
  4793 | D:12     | FUIC
  4793 | D:12     | emiel: jeez
  4793 | D:12     | 4thArraOfDagon: how do people streak these days
  4808 | D:12     | BLOAX: luring
  4816 | D:12     | emiel: thanks imps
  5051 | D:10     | Reached **** piety under Makhleb
  5641 | D:8      | emiel: what armour did you find?
  5713 | D:8      | Found an ancient bone altar of Kikubaaqudgha.
  6133 | D:11     | Killed a green ugly thing
  6133 | D:11     | Reached skill level 1 in Invocations
  6137 | D:11     | Gained mutation: Your system is resistant to poisons. [mutagenic meat]
  6150 | D:11     | 4thArraOfDagon: ida
  6150 | D:11     | 4thArraOfDagon: IDAR
  6530 | D:15     | Entered Level 15 of the Dungeon
  6560 | D:14     | Noticed a manticore
  6724 | D:15     | Noticed a centaur warrior
  6804 | D:14     | Killed a manticore
  6882 | D:14     | BLOAX: this ogre needs more fighting
  6915 | D:14     | Learned a level 2 spell: Sublimation of Blood
  6977 | D:12     | Killed a hill giant
  7010 | D:12     | Reached ***** piety under Makhleb
  7038 | D:12     | Killed an unseen horror
  7103 | D:12     | Killed an unseen horror
  7237 | D:12     | Noticed a hill giant
  7247 | D:12     | Killed a hill giant
  7370 | D:12     | Noticed a cyclops
  7394 | D:12     | Killed a cyclops
  7581 | D:12     | Killed a hill giant
  7581 | D:12     | Reached XP level 12. HP: 106/106 MP: 14/14
  7635 | D:12     | Found a staircase to the Orcish Mines.
  7666 | D:12     | Found a roughly hewn altar of Beogh.
  7671 | Orc:1    | Entered Level 1 of the Orcish Mines
  7671 | Orc:1    | Noticed a stone giant
  7828 | D:12     | Learned a level 1 spell: Animate Skeleton
  7886 | Orc:1    | Killed a stone giant
  7886 | Orc:1    | Reached skill level 18 in Maces & Flails
  8072 | Orc:1    | pipel: are your spells castable yet?
  8089 | Orc:2    | Entered Level 2 of the Orcish Mines
  8089 | Orc:2    | Found a staircase to the Elven Halls.
  8118 | Orc:2    | 4thArraOfDagon: naa
  8118 | Orc:2    | 4thArraOfDagon: but close
  8290 | Orc:2    | Found Keppenam's Magic Scroll Shop.
  8346 | Orc:2    | Reached skill level 5 in Armour
  8427 | Orc:2    | Noticed an ogre mage
  8438 | Orc:2    | Killed an ogre mage
  8465 | Orc:2    | HP: 2/108 [orc priest/divine providence (11)]
  8517 | Orc:2    | Reached ****** piety under Makhleb
  8517 | Orc:2    | Reached skill level 5 in Necromancy
  8581 | Orc:2    | Found Ewiagh's Antique Armour Shoppe.
  8586 | Orc:2    | Found Jaaw's Distillery.
  8589 | Orc:2    | Found Kuubav's Magic Scroll Boutique.
  8619 | Orc:2    | Bought a scroll of identify for 24 gold pieces
  8619 | Orc:2    | Bought a scroll of identify for 24 gold pieces
  8620 | Orc:2    | Gained mutation: You are covered in fur (AC +1). [potion of beneficial mutation]
  8626 | Orc:2    | Bought a potion of curing for 42 gold pieces
  8626 | Orc:2    | Bought a potion of magic for 112 gold pieces
  8626 | Orc:2    | Bought a potion of berserk rage for 70 gold pieces
  8637 | Orc:2    | Bought a scroll of teleportation for 39 gold pieces
  8637 | Orc:2    | Bought a scroll of teleportation for 39 gold pieces
  8637 | Orc:2    | Bought a scroll of blinking for 97 gold pieces
  8637 | Orc:2    | Bought a scroll of magic mapping for 45 gold pieces
  8637 | Orc:2    | Bought a scroll of identify for 26 gold pieces
  8733 | Orc:2    | Reached skill level 5 in Spellcasting
  8752 | Orc:2    | Reached XP level 13. HP: 54/115 MP: 16/16
  8917 | Orc:1    | Reached skill level 5 in Charms
  8998 | Orc:2    | Reached skill level 5 in Invocations
  9210 | Orc:2    | 4thArraOfDagon: sleeep
  9210 | Orc:2    | SLEEEEEEEEEEEEP
  9262 | Elf:1    | Entered Level 1 of the Elven Halls
  9347 | Lair:1   | Entered Level 1 of the Lair of Beasts
  9603 | Lair:1   | Noticed Urug
  9611 | Lair:1   | Killed Urug
  9814 | Lair:2   | Identified a scroll of acquirement
  9815 | Lair:2   | Got a faintly glowing giant club
  9816 | Lair:2   | Identified the +4 giant club "Ceap" {flame, rElec rN+} (You acquired it on level 2 of the Lair of Beasts)
  9922 | Lair:3   | Identified a +0 rod of ignition (10/10) (You found it on level 3 of the Lair of Beasts)
  9963 | Lair:3   | Found a labyrinth entrance.
  9971 | Lab      | Entered a labyrinth
 10515 | Lab      | Noticed a minotaur
 10529 | Lab      | Killed a minotaur
 10529 | Lab      | Reached skill level 1 in Hexes
 10555 | Lab      | Identified the Disquisition on Orientation (You found it in a labyrinth)
 10559 | Lab      | Learned a level 2 spell: Blink
 10564 | Lab      | Learned a level 4 spell: Passage of Golubria
 10567 | Lab      | Identified Plog's Guide on Self-Improvement and Flight (You found it in a labyrinth)
 10571 | Lab      | Learned a level 2 spell: Swiftness
 10721 | Lair:4   | Found a staircase to the Snake Pit.
 11144 | Lair:5   | Reached skill level 19 in Maces & Flails
 11295 | Lair:4   | Reached XP level 14. HP: 109/126 MP: 18/18
 11513 | Lair:6   | Gained mutation: You are resistant to electric shocks. [potion of mutation]
 11513 | Lair:6   | Gained mutation: Your spells are harder to cast, but more powerful. [potion of mutation]
 11727 | Lair:7   | Found a staircase to the Slime Pits.
 11779 | Lair:7   | Found a dark tunnel.
 11798 | Volcano  | Entered a volcano
 11990 | Lair:8   | Entered Level 8 of the Lair of Beasts
 12036 | Lair:8   | Reached skill level 10 in Fighting
 12137 | Lair:8   | Learned a level 6 spell: Haste
 12797 | Lair:7   | 4thArraOfDagon: stop replicating
 12829 | Lair:7   | 4thArraOfDagon: we must perform proactive eugenics
 12857 | Lair:7   | Reached XP level 15. HP: 67/136 MP: 14/21
 12868 | Lair:7   | BLOAX: proactive eugenics is the variant people usually think of
 12905 | Lair:7   | BLOAX: active eugenics is a bit more
 12913 | Lair:7   | BLOAX: violent
 12966 | Lair:6   | BLOAX: might be the whole 'purge the unclean' thing
 12971 | Lair:6   | 4thArraOfDagon: ya
 12971 | Lair:6   | 4thArraOfDagon: hi
 12971 | Lair:6   | 4thArraOfDagon: unusual topic to start conversation and greet someone rotfl
 12971 | Lair:6   | 4thArraOfDagon: but not that unusual as https://www.youtube.com/watch?v=kWiRMI88cPE
 13106 | Lair:6   | Noticed Rupert
 13128 | Lair:6   | yummy
 13162 | Lair:6   | Paralysed by Rupert for 3 turns
 13166 | Lair:6   | Killed Rupert
 13166 | Lair:6   | Reached skill level 1 in Axes
 13370 | Lair:3   | BLOAX: Well I just came home from school and a bit of gym stuff.
 13370 | Lair:3   | 4thArraOfDagon: any interesting stuff in school
 13370 | Lair:3   | BLOAX: (today was leg related and i kind of have a wound on my right leg)
 13370 | Lair:3   | 4thArraOfDagon: or BAU
 13370 | Lair:3   | BLOAX: oh yes
 13370 | Lair:3   | BLOAX: i read a very wacko story
 13370 | Lair:3   | BLOAX: about a very fine man who never drives above the speed limit
 13370 | Lair:3   | BLOAX: who somehow manages to blow both front tires
 13815 | Snake:1  | Entered Level 1 of the Snake Pit
 13898 | Snake:1  | Noticed Donald
 13903 | Snake:1  | Killed Donald
 14295 | Snake:3  | Noticed a greater naga
 14311 | Snake:3  | Killed a greater naga
 14311 | Snake:3  | Reached skill level 5 in Axes
 14397 | Snake:4  | Entered Level 4 of the Snake Pit
 14675 | Snake:4  | Noticed Aizul
 14693 | Snake:4  | Killed Aizul
 14711 | Snake:4  | Noticed Vashnia
 14737 | Snake:4  | Reached XP level 16. HP: 40/145 MP: 16/23
 14748 | Snake:4  | HP: 4/145 [salamander (13)]
 15032 | Snake:4  | Found Zarghot's General Store.
 15076 | Snake:4  | Bought a scroll of blinking for 112 gold pieces
 15076 | Snake:4  | Bought a throwing net for 45 gold pieces
 15113 | Snake:4  | Reached skill level 10 in Spellcasting
 15381 | Snake:3  | Noticed Wiglaf
 15402 | Snake:3  | Killed Wiglaf
 15676 | Snake:4  | Noticed a greater naga
 15718 | Snake:4  | Killed a greater naga
 15913 | Snake:4  | Killed Vashnia
 16036 | Snake:4  | Noticed a greater naga
 16046 | Snake:4  | Reached skill level 10 in Axes
 16059 | Snake:4  | Killed a greater naga
 16291 | Snake:4  | Reached XP level 17. HP: 144/153 MP: 10/25
 16434 | Snake:4  | Learned a level 8 spell: Controlled Blink
 17034 | Snake:4  | Got a serpentine rune of Zot
 17449 | Lair:6   | Found a staircase to the Shoals.
 17460 | Shoals:1 | Entered Level 1 of the Shoals
 17531 | Shoals:1 | Found a frozen archway.
 17542 | IceCv    | Entered an ice cave
 17713 | IceCv    | Noticed an Ice Fiend
 17726 | IceCv    | Killed an Ice Fiend
 17746 | IceCv    | Got a crystal war axe
 17747 | IceCv    | Identified the +9 war axe of Galenotz {drain, rPois Int+4} (You found it in an ice cave)
 18061 | Shoals:2 | Found Jyvom's Magic Scroll Shop.
 18069 | Shoals:2 | Bought a scroll of summoning for 161 gold pieces
 18069 | Shoals:2 | Bought a scroll of blinking for 127 gold pieces
 18069 | Shoals:2 | Bought a scroll of enchant armour for 127 gold pieces
 18069 | Shoals:2 | Bought a scroll of fog for 34 gold pieces
 18069 | Shoals:2 | Bought a scroll of summoning for 161 gold pieces
 18185 | Shoals:4 | Entered Level 4 of the Shoals
 18247 | Shoals:4 | Identified Sif Muna's Collected Works on Earthen Conjuration (You found it on level 4 of the Shoals)
 18293 | Shoals:4 | Reached XP level 18. HP: 168/168 MP: 22/25
 18373 | Shoals:4 | Got a barnacled rune of Zot
 18895 | Slime:1  | Entered Level 1 of the Pits of Slime
 18934 | Slime:2  | Gained mutation: You tend to lose your temper in combat. [a shining eye]
 18938 | Slime:2  | Gained mutation: You occasionally shout uncontrollably at your foes. [a shining eye]
 19254 | Slime:6  | Entered Level 6 of the Pits of Slime
 19495 | Slime:5  | 4thArraOfDagon: lets rock it
 19528 | Slime:6  | Reached skill level 15 in Fighting
 19579 | Slime:6  | Noticed the Royal Jelly
 19602 | Slime:6  | Killed the Royal Jelly
 19621 | Slime:6  | HP: 8/173 [acid[the Royal Jelly] (6)]
 19622 | Slime:6  | Mangled by a death ooze

Vault maps used:
D:1:      erik_arrival_blinker_ship, minmay_misc_feat_ornament, minmay_vboxes
D:2:      gammafunk_temple_overflow_statue
D:3:      lemuel_round_altar, overflow_temple_1_default, first_bread,
          serial_bayou_lagoon_a
D:4:      grunt_dithmenos_shadows, uniq_eustachio, uniq_pikel
D:5:      xom_confusion_cloud, minmay_temple_entry_from_below_a, basic_altar,
          serial_shops, nicolae_shop_behind_doors, uniq_sigmund, uniq_duvessa
D:8:      overflow_temple_1_default, overflow_temple_1_default, kennysheep_mini,
          kennysheep_potato
D:9:      lair_0_dummy, the_bakery
D:10:     basic_altar, grunt_pakellas_sulfur
D:12:     minmay_orc_entry_temple_small, serial_shops, shop
D:13:     serial_bayou_pond_c, uniq_frances
D:14:     david_vaults_2, serial_shops, nicolae_shop_stone
D:15:     grunt_enter_depths_snipers, lemuel_doored_altar
Temple:   circular_temple_12
Lair:1:   grunt_megastairs_5, lemuel_fruit_fields, uniq_urug
Lair:2:   lemuel_fruit_tree, infiniplex_staircase_pool_2, lemuel_fruit_fields
Lair:3:   lab_entry_generic, grunt_megastairs_1
Lair:4:   minmay_snake_entry_guardpost_small
Lair:5:   special_room
Lair:6:   minmay_shoals_entry_hut, uniq_rupert
Lair:7:   slime_dummy, nicolae_volcano_entry_vermiform
Lair:8:   hangedman_lair_tendril_chambers, nicolae_lair_grove_arrangements
Shoals:1: portal_ice_cave_entry_imps
Shoals:2: nicolae_shoals_c_island
Shoals:3: nicolae_shoals_hunting_party
Shoals:4: shoals_end_simple, shoals_ilsuiw_ice
Snake:1:  uniq_donald
Snake:2:  minmay_snake_pond, grunt_megastairs_3
Snake:3:  uniq_wiglaf
Snake:4:  johnstein_snake_rune_scales, serial_shops, shop_fountains,
          st_stairs_1, uniq_aizul, uniq_vashnia
Orc:2:    st_orc_open, nicolae_orc_rich_vein
Elf:1:    eino_elf_arrival_sip, minivault_28, uniq_roxanne, uniq_kirke,
          uniq_asterion
Lab:      nicolae_lab_dead_adventurers, lab_fountain, nicolae_lab_hexagon,
          nicolae_lab_flowing_pool
IceCv:    ice_cave_tombish
Volcano:  volcano_caves

Action                   |  1- 3 |  4- 6 |  7- 9 | 10-12 | 13-15 | 16-18 || total
-------------------------+-------+-------+-------+-------+-------+-------++-------
Melee: Spear             |    58 |    60 |       |       |       |       ||   118
       Whip              |       |    61 |       |       |       |       ||    61
       Giant spiked club |       |       |   154 |   171 |   139 |       ||   464
       Flail             |       |       |     9 |       |       |       ||     9
       Great mace        |       |       |       |   454 |       |       ||   454
       Giant club        |       |       |       |       |  1031 |   797 ||  1828
       Broad axe         |       |       |       |       |       |   138 ||   138
Throw: Large rock        |       |       |    13 |    84 |    29 |       ||   126
       Javelin           |       |       |       |     6 |       |       ||     6
       Throwing net      |       |       |       |       |     2 |       ||     2
 Cast: Regeneration      |       |       |       |     2 |    29 |    96 ||   127
       Spectral Weapon   |       |       |       |       |     8 |    52 ||    60
       Song of Slaying   |       |       |       |       |     1 |       ||     1
       Apportation       |       |       |       |       |       |     2 ||     2
Invok: Lesser Servant of |       |       |       |     7 |     5 |       ||    12
       Greater Servant o |       |       |       |       |     2 |     2 ||     4
Evoke: Wand              |    15 |    24 |    17 |    29 |     9 |     9 ||   103
       Phial of floods   |       |       |       |       |       |     2 ||     2
       Piece from Xom's  |       |       |       |       |       |     1 ||     1
  Use: Scroll            |     4 |     4 |     7 |    12 |    19 |    12 ||    58
       Potion            |       |       |     1 |     6 |     3 |    23 ||    33
 Stab: Sleeping          |     1 |     1 |       |       |       |       ||     2
       Paralysed         |       |    19 |       |       |       |       ||    19
       Confused          |       |       |     1 |     1 |       |       ||     2
       Distracted        |       |       |       |     2 |     2 |     2 ||     6
  Eat: Chunk             |       |     2 |    16 |    37 |    22 |    27 ||   104
       Pizza             |       |       |     1 |     1 |       |       ||     2
       Fruit             |       |       |       |       |     3 |       ||     3
       Royal jelly       |       |       |       |       |       |     2 ||     2
